| TOP OF THE 1ST |
|
Springfield Cardinals batting - Pitching for Harrisburg Senators : LHP Mike Tracy
|
|
Pitching: LHP Mike Tracy
|
|
|
Batting: RHB Mike Quackenbush
|
0-0: Ball 1-0: Ball 2-0: Called Strike 2-1: Foul Ball, location: 2F 2-2: Ball 3-2: Base on Balls
|
|
Batting: RHB Rafael Medina
|
0-0: Ball 1-0: Ball 2-0: Ball 3-0: Called Strike 3-1: Called Strike 3-2: Base on Balls Mike Quackenbush to second
|
|
Batting: RHB Tenshou Takita
|
0-0: Ball 1-0: Ball 2-0: Called Strike 2-1: Foul Ball, location: 2F 2-2: Foul Ball, location: 2F 2-2: Ball 3-2: Base on Balls Mike Quackenbush to third Rafael Medina to second
|
|
Batting: RHB Jimmy Buzard
|
0-0: Called Strike 0-1: Foul Ball, location: 2F 0-2: Ball Wild Pitch! Mike Quackenbush scores Rafael Medina to third Tenshou Takita to second 1-2: Foul Ball, location: 2F 1-2: Ground out 6-3 (Groundball, 6, EV 80.6 MPH) Rafael Medina scores Tenshou Takita to third
|
|
Batting: RHB Corey Ottinger
|
0-0: Ball 1-0: Ball 2-0: Ball 3-0: Called Strike 3-1: Foul Ball, location: 2F 3-2: Base on Balls
|
|
Batting: RHB Jeremy Boerman
|
0-0: Grounds into double play, 6-4-3 (Groundball, 6, EV 90.0 MPH)
|
| Top of the 1st over - 2 runs, 0 hits, 0 errors, 1 left on base; Springfield 2 - Harrisburg 0 |
| BOTTOM OF THE 1ST |
|
Harrisburg Senators batting - Pitching for Springfield Cardinals : RHP Ryan Manley
|
|
Pitching: RHP Ryan Manley
|
|
|
Batting: LHB Dillon Gonzalez
|
0-0: Called Strike 0-1: Foul Ball, location: 2F 0-2: Ball 1-2: Foul Ball, location: 2F 1-2: Foul Ball, location: 2F 1-2: Strikes out swinging
|
|
Batting: LHB Dana McDonald
|
0-0: Ground out U3 (Groundball, 3L, EV 81.9 MPH)
|
|
Batting: LHB Colin Worthington
|
0-0: Foul Ball, location: 2F 0-1: Foul Ball, location: 2F 0-2: Ball 1-2: Strikes out swinging
|
| Bottom of the 1st over - 0 runs, 0 hits, 0 errors, 0 left on base; Springfield 2 - Harrisburg 0 |
| TOP OF THE 2ND |
|
Springfield Cardinals batting - Pitching for Harrisburg Senators : LHP Mike Tracy
|
|
Batting: LHB Juan Villafana
|
0-0: Ball 1-0: Foul Ball, location: 2F 1-1: Ground out 6-3 (Groundball, 6, EV 101.9 MPH)
|
|
Batting: RHB Shadi Njoka
|
0-0: Ball 1-0: Ball 2-0: Ball 3-0: Called Strike 3-1: Called Strike 3-2: Base on Balls
|
|
Batting: RHB Go Yamamoto
|
0-0: Ball 1-0: Foul Ball, location: 2F 1-1: Swinging Strike Passed Ball! Shadi Njoka to second 1-2: Ball 2-2: Foul Ball, location: 2F 2-2: Strikes out swinging
|
|
Batting: RHB Mike Quackenbush
|
0-0: Ball 1-0: Called Strike 1-1: Swinging Strike 1-2: Ball 2-2: Ball 3-2: Base on Balls
|
|
Batting: RHB Rafael Medina
|
0-0: Ball 1-0: Ball 2-0: Ball 3-0: Called Strike 3-1: Base on Balls Shadi Njoka to third Mike Quackenbush to second
|
|
Batting: RHB Tenshou Takita
|
0-0: Ball 1-0: Ball 2-0: Ball 3-0: Base on Balls Shadi Njoka scores Mike Quackenbush to third Rafael Medina to second
|
|
Batting: RHB Jimmy Buzard
|
0-0: Ball 1-0: Ball 2-0: Called Strike 2-1: Fielders Choice at 2nd, 6-4 (Groundball, 56, EV 82.5 MPH)
|
| Top of the 2nd over - 1 run, 0 hits, 0 errors, 3 left on base; Springfield 3 - Harrisburg 0 |
| BOTTOM OF THE 2ND |
|
Harrisburg Senators batting - Pitching for Springfield Cardinals : RHP Ryan Manley
|
|
Batting: RHB Ben Welt
|
0-0: Ball 1-0: Ball 2-0: Called Strike 2-1: Ground out 5-3 (Groundball, 56, EV 105.0 MPH)
|
|
Batting: RHB Dan Hilyer
|
0-0: Called Strike 0-1: Swinging Strike 0-2: Fly out, F8 (Flyball, 78M, EV 84.4 MPH)
|
|
Batting: RHB Marcus Dawson
|
0-0: Foul Ball, location: 2F 0-1: Called Strike 0-2: Strikes out swinging
|
| Bottom of the 2nd over - 0 runs, 0 hits, 0 errors, 0 left on base; Springfield 3 - Harrisburg 0 |
| TOP OF THE 3RD |
|
Springfield Cardinals batting - Pitching for Harrisburg Senators : LHP Mike Tracy
|
|
Batting: RHB Corey Ottinger
|
0-0: Fly out, F3 (Popup, 23F, EV 86.2 MPH)
|
|
Batting: RHB Jeremy Boerman
|
0-0: Ball 1-0: Ball 2-0: SINGLE (Line Drive, 89S, EV 92.5 MPH)
|
|
Batting: LHB Juan Villafana
|
0-0: Fly out, F8 (Flyball, 8LS, EV 91.2 MPH)
|
|
Batting: RHB Shadi Njoka
|
0-0: Called Strike 0-1: Ball 1-1: Ball Jeremy Boerman is caught stealing 2nd base 2-4
|
| Top of the 3rd over - 0 runs, 1 hit, 0 errors, 0 left on base; Springfield 3 - Harrisburg 0 |
| BOTTOM OF THE 3RD |
|
Harrisburg Senators batting - Pitching for Springfield Cardinals : RHP Ryan Manley
|
|
Batting: RHB Shunji Nakamura
|
0-0: Ball 1-0: Ground out 6-3 (Groundball, 6, EV 89.4 MPH)
|
|
Batting: RHB Jai-guo Qiu
|
0-0: Ball 1-0: Ball 2-0: SINGLE (Line Drive, 4M, EV 99.4 MPH)
|
|
Batting: RHB Yasusaburo Kuwahara
|
0-0: Ball 1-0: Swinging Strike 1-1: Ball 2-1: Called Strike Jai-guo Qiu steals 2nd base 2-2: Ball 3-2: Ground out 5-3 (Groundball, 56, EV 105.0 MPH)
|
|
Batting: LHB Dillon Gonzalez
|
0-0: Ball 1-0: Ball 2-0: Ball 3-0: Called Strike 3-1: Base on Balls
|
|
Batting: LHB Dana McDonald
|
0-0: Foul Ball, location: 2F 0-1: Ball 1-1: Foul Ball, location: 2F 1-2: SINGLE (Line Drive, 34, EV 95.0 MPH) Jai-guo Qiu to third Dillon Gonzalez to second Runner from 3rd tries for Home, throw by RF and OUT! 9-2
|
| Bottom of the 3rd over - 0 runs, 2 hits, 0 errors, 2 left on base; Springfield 3 - Harrisburg 0 |
| TOP OF THE 4TH |
|
Springfield Cardinals batting - Pitching for Harrisburg Senators : LHP Mike Tracy
|
|
Batting: RHB Shadi Njoka
|
0-0: Ball 1-0: Ball 2-0: Foul Ball, location: 2F 2-1: Ball 3-1: Called Strike 3-2: Foul Ball, location: 2F 3-2: Base on Balls
|
|
Batting: RHB Go Yamamoto
|
0-0: Ball 1-0: Ball 2-0: Ball 3-0: Foul Ball, location: 2F 3-1: Foul Ball, location: 2F 3-2: Hit by Pitch Shadi Njoka to second
|
|
Batting: RHB Mike Quackenbush
|
0-0: Ball 1-0: Reached on error, E5 (Groundball, 56S, EV 87.5 MPH) Shadi Njoka to third Go Yamamoto to second
|
|
Batting: RHB Rafael Medina
|
0-0: Grounds into fielders choice 6-2 (Groundball, 6, EV 101.2 MPH) Go Yamamoto to third Mike Quackenbush to second
|
|
Batting: RHB Tenshou Takita
|
0-0: Ball 1-0: Grounds into fielders choice U2 (Groundball, 15S, EV 68.8 MPH) Mike Quackenbush to third Rafael Medina to second
|
|
Pitching: RHP Jamal Kilburn
|
|
|
Batting: RHB Jimmy Buzard
|
0-0: Ball 1-0: Foul Ball, location: 2F 1-1: Foul Ball, location: 2F 1-2: SINGLE (Groundball, 56S, EV 77.5 MPH) (infield hit) Mike Quackenbush scores Rafael Medina to third Tenshou Takita to second
|
|
Batting: RHB Corey Ottinger
|
0-0: Foul Ball, location: 2F 0-1: SINGLE (Groundball, 56D, EV 100.6 MPH) Rafael Medina scores Tenshou Takita to third Jimmy Buzard to second Runner from 3rd tries for Home, SAFE, throw by LF to home
|
|
Batting: RHB Jeremy Boerman
|
0-0: Called Strike 0-1: Swinging Strike 0-2: Strikes out swinging
|
| Top of the 4th over - 3 runs, 2 hits, 1 error, 2 left on base; Springfield 6 - Harrisburg 0 |
| BOTTOM OF THE 4TH |
|
Harrisburg Senators batting - Pitching for Springfield Cardinals : RHP Ryan Manley
|
|
Batting: LHB Colin Worthington
|
0-0: Ground out 6-3 (Groundball, 6, EV 81.9 MPH)
|
|
Batting: RHB Ben Welt
|
0-0: Called Strike 0-1: Fly out, F6 (Flyball, 6D, EV 78.8 MPH)
|
|
Batting: RHB Dan Hilyer
|
0-0: Ball 1-0: Swinging Strike 1-1: Ground out 6-3 (Groundball, 56, EV 105.6 MPH)
|
| Bottom of the 4th over - 0 runs, 0 hits, 0 errors, 0 left on base; Springfield 6 - Harrisburg 0 |
| TOP OF THE 5TH |
|
Springfield Cardinals batting - Pitching for Harrisburg Senators : RHP Jamal Kilburn
|
|
Batting: LHB Juan Villafana
|
0-0: Foul Ball, location: 2F 0-1: SINGLE (Groundball, 34D, EV 103.1 MPH)
|
|
Batting: RHB Shadi Njoka
|
0-0: Ball 1-0: Ball Juan Villafana steals 2nd, throwing error, E2 Juan Villafana to third 2-0: Called Strike 2-1: SINGLE (Groundball, 34D, EV 103.1 MPH) Juan Villafana scores
|
|
Batting: RHB Go Yamamoto
|
0-0: Ball Shadi Njoka steals 2nd base 1-0: Called Strike 1-1: Foul Ball, location: 2F 1-2: Strikes out looking
|
|
Batting: RHB Mike Quackenbush
|
0-0: Called Strike 0-1: Ball 1-1: Foul Ball, location: 2F 1-2: Strikes out swinging
|
|
Batting: RHB Rafael Medina
|
0-0: Foul Ball, location: 2F 0-1: SINGLE (Line Drive, 7LS, EV 96.9 MPH) Shadi Njoka to third Runner from 3rd tries for Home, SAFE, throw by LF to home
|
|
Batting: RHB Tenshou Takita
|
0-0: Ball 1-0: Foul Ball, location: 2F 1-1: Ground out U3 (Groundball, 34, EV 101.9 MPH)
|
| Top of the 5th over - 2 runs, 3 hits, 1 error, 1 left on base; Springfield 8 - Harrisburg 0 |
| BOTTOM OF THE 5TH |
|
Harrisburg Senators batting - Pitching for Springfield Cardinals : RHP Ryan Manley
|
|
Batting: RHB Marcus Dawson
|
0-0: Swinging Strike 0-1: Ball 1-1: Foul Ball, location: 2F 1-2: Foul Ball, location: 2F 1-2: Strikes out looking
|
|
Batting: RHB Shunji Nakamura
|
0-0: Foul Ball, location: 2F 0-1: Ball 1-1: Ground out U3 (Groundball, 34, EV 86.9 MPH)
|
|
Batting: RHB Jai-guo Qiu
|
0-0: Ball 1-0: Foul Ball, location: 2F 1-1: Ball 2-1: Called Strike 2-2: DOUBLE (Line Drive, 7LM, EV 102.5 MPH)
|
|
Batting: RHB Yasusaburo Kuwahara
|
0-0: Ball 1-0: Ball 2-0: Ball 3-0: Base on Balls
|
|
Batting: LHB Dillon Gonzalez
|
0-0: Called Strike 0-1: SINGLE (Groundball, 25, EV 68.8 MPH) (infield hit) Jai-guo Qiu to third Yasusaburo Kuwahara to second
|
|
Batting: LHB Dana McDonald
|
0-0: Ball 1-0: Called Strike 1-1: Foul Ball, location: 2F 1-2: Foul Ball, location: 2F 1-2: Ball 2-2: SINGLE (Groundball, 25, EV 68.1 MPH) (infield hit) Jai-guo Qiu scores Yasusaburo Kuwahara to third Dillon Gonzalez to second
|
|
Batting: LHB Colin Worthington
|
0-0: Ball 1-0: Ball 2-0: SINGLE (Flyball, 8LS, EV 86.2 MPH) Yasusaburo Kuwahara scores Dillon Gonzalez to third Dana McDonald to second Runner from 3rd tries for Home, SAFE, throw by CF to home
|
|
Batting: RHB Ben Welt
|
0-0: Ball 1-0: Ball 2-0: Called Strike 2-1: Ball 3-1: SINGLE (Line Drive, 78S, EV 100.0 MPH) Dana McDonald to third Colin Worthington to second Runner from 3rd tries for Home, SAFE, throw by LF to home
|
|
Batting: RHB Dan Hilyer
|
0-0: Ground out 5-3 (Groundball, 5S, EV 65.6 MPH)
|
| Bottom of the 5th over - 4 runs, 5 hits, 0 errors, 2 left on base; Springfield 8 - Harrisburg 4 |
| TOP OF THE 6TH |
|
Springfield Cardinals batting - Pitching for Harrisburg Senators : RHP Jamal Kilburn
|
|
Batting: RHB Jimmy Buzard
|
0-0: Ball 1-0: Ball 2-0: Swinging Strike 2-1: Swinging Strike 2-2: Ball 3-2: Foul Ball, location: 2F 3-2: Base on Balls
|
|
Pitching: RHP Mario Quezada
|
|
|
Batting: RHB Corey Ottinger
|
0-0: Called Strike 0-1: Ball 1-1: Swinging Strike 1-2: Ball 2-2: Grounds into double play, 1-4-3 (Groundball, P, EV 70.0 MPH)
|
|
Batting: RHB Jeremy Boerman
|
0-0: Foul Ball, location: 2F 0-1: Called Strike 0-2: Fly out, F3 (Flyball, 3D, EV 95.0 MPH)
|
| Top of the 6th over - 0 runs, 0 hits, 0 errors, 0 left on base; Springfield 8 - Harrisburg 4 |
| BOTTOM OF THE 6TH |
|
Harrisburg Senators batting - Pitching for Springfield Cardinals : RHP Ryan Manley
|
|
Batting: RHB Marcus Dawson
|
0-0: Ball 1-0: Foul Ball, location: 2F 1-1: Ball 2-1: Foul Ball, location: 2F 2-2: Ball 3-2: Base on Balls
|
|
Batting: RHB Shunji Nakamura
|
0-0: Ball Marcus Dawson steals 2nd base 1-0: Foul Ball, location: 2F 1-1: Foul Ball, location: 2F 1-2: DOUBLE (Line Drive, 3D, EV 105.0 MPH) Marcus Dawson scores
|
|
Pitching: LHP Pat Dantzler
|
|
|
Batting: RHB Jai-guo Qiu
|
0-0: Ball 1-0: Ball 2-0: Swinging Strike 2-1: Called Strike 2-2: Ball Wild Pitch! Shunji Nakamura to third 3-2: Foul Ball, location: 2F 3-2: Base on Balls
|
|
Batting: RHB Yasusaburo Kuwahara
|
0-0: Ball 1-0: Ball Jai-guo Qiu steals 2nd base 2-0: Foul Ball, location: 2F 2-1: Ground out 2-3 (Groundball, 2R, EV 75.6 MPH)
|
|
Batting: LHB Dillon Gonzalez
|
0-0: Foul Ball, location: 2F 0-1: Ball 1-1: Ball 2-1: Ball 3-1: Foul Ball, location: 2F 3-2: Fly out, F7 (Flyball, 7, EV 73.8 MPH) Runner from 3rd tags up, OUT at HOME! 7-2
|
| Bottom of the 6th over - 1 run, 1 hit, 0 errors, 1 left on base; Springfield 8 - Harrisburg 5 |
| TOP OF THE 7TH |
|
Springfield Cardinals batting - Pitching for Harrisburg Senators : RHP Mario Quezada
|
|
Pitching: LHP Steve Lewis
|
|
|
Batting: LHB Juan Villafana
|
0-0: Called Strike 0-1: Ball 1-1: Fly out, F9 (Flyball, 9LM, EV 93.1 MPH)
|
|
Pitching: RHP Sam Wood
|
|
|
Batting: RHB Shadi Njoka
|
0-0: Foul Ball, location: 2F 0-1: Swinging Strike 0-2: Ball 1-2: Ball 2-2: Strikes out swinging, 2-3 out at first.
|
|
Batting: RHB Go Yamamoto
|
0-0: Called Strike 0-1: Ball 1-1: Foul Ball, location: 2F 1-2: Strikes out swinging
|
| Top of the 7th over - 0 runs, 0 hits, 0 errors, 0 left on base; Springfield 8 - Harrisburg 5 |
| BOTTOM OF THE 7TH |
|
Harrisburg Senators batting - Pitching for Springfield Cardinals : LHP Pat Dantzler
|
|
Pitching: LHP Luis Herrera
|
|
|
Batting: LHB Dana McDonald
|
0-0: Ball 1-0: Called Strike 1-1: Fly out, F9 (Flyball, 9, EV 78.8 MPH)
|
|
Batting: LHB Colin Worthington
|
0-0: Ball 1-0: Foul Ball, location: 2F 1-1: Ball 2-1: Swinging Strike 2-2: Foul Ball, location: 2F 2-2: Fly out, F8 (Flyball, 8RD, EV 103.8 MPH)
|
|
Batting: RHB Ben Welt
|
0-0: Called Strike 0-1: Ball 1-1: Ball 2-1: Foul Ball, location: 2F 2-2: SOLO HOME RUN (Flyball, 7LD, EV 91.9 MPH), Distance : 353 ft
|
|
Batting: RHB Dan Hilyer
|
0-0: Called Strike 0-1: Ball 1-1: Called Strike 1-2: Ball 2-2: Strikes out swinging
|
| Bottom of the 7th over - 1 run, 1 hit, 0 errors, 0 left on base; Springfield 8 - Harrisburg 6 |
| TOP OF THE 8TH |
|
Springfield Cardinals batting - Pitching for Harrisburg Senators : RHP Sam Wood
|
|
Batting: RHB Mike Quackenbush
|
0-0: Foul Ball, location: 2F 0-1: Ball 1-1: Ball 2-1: Foul Ball, location: 2F 2-2: Ball 3-2: Strikes out looking
|
|
Batting: RHB Rafael Medina
|
0-0: Fly out, F6 (Flyball, 56D, EV 91.9 MPH)
|
|
Batting: RHB Tenshou Takita
|
0-0: Ball 1-0: Swinging Strike 1-1: Ball 2-1: Ground out 5-3 (Groundball, 5L, EV 89.4 MPH)
|
| Top of the 8th over - 0 runs, 0 hits, 0 errors, 0 left on base; Springfield 8 - Harrisburg 6 |
| BOTTOM OF THE 8TH |
|
Harrisburg Senators batting - Pitching for Springfield Cardinals : LHP Luis Herrera
|
|
Batting: RHB Marcus Dawson
|
0-0: SINGLE (Line Drive, 89S, EV 93.8 MPH)
|
|
Batting: RHB Shunji Nakamura
|
0-0: Foul Ball, location: 2F 0-1: Ball 1-1: Ball 2-1: Foul Ball, location: 2F 2-2: Foul Ball, location: 2F 2-2: Fly out, F8 (Flyball, 89M, EV 95.6 MPH)
|
|
Batting: RHB Jai-guo Qiu
|
0-0: Called Strike 0-1: Ball 1-1: Ball 2-1: Ball 3-1: Foul Ball, location: 2F 3-2: Fielders Choice at 2nd, 6-4 (Groundball, 6, EV 106.9 MPH)
|
|
Batting: RHB Yasusaburo Kuwahara
|
0-0: Fly out, F3 (Popup, 34, EV 76.9 MPH)
|
| Bottom of the 8th over - 0 runs, 1 hit, 0 errors, 1 left on base; Springfield 8 - Harrisburg 6 |
| TOP OF THE 9TH |
|
Springfield Cardinals batting - Pitching for Harrisburg Senators : RHP Sam Wood
|
|
Batting: RHB Jimmy Buzard
|
0-0: Ball 1-0: Ground out 4-3 (Groundball, 4S, EV 68.1 MPH)
|
|
Batting: RHB Corey Ottinger
|
0-0: Foul Ball, location: 2F 0-1: Ball 1-1: Called Strike 1-2: Ground out 5-3 (Groundball, 5, EV 85.0 MPH)
|
|
Batting: RHB Jeremy Boerman
|
0-0: Called Strike 0-1: Swinging Strike 0-2: Ball 1-2: Ball 2-2: Ball 3-2: Foul Ball, location: 2F 3-2: Hit by Pitch
|
|
Batting: LHB Juan Villafana
|
0-0: Ball 1-0: Ball 2-0: Called Strike 2-1: SINGLE (Groundball, 34D, EV 103.1 MPH) Jeremy Boerman to second
|
|
Batting: RHB Shadi Njoka
|
0-0: Ball 1-0: Called Strike 1-1: Ball 2-1: Ball 3-1: Foul Ball, location: 2F 3-2: SINGLE (Groundball, 6D, EV 101.2 MPH) Jeremy Boerman to third Juan Villafana to second Jeremy Boerman scores Juan Villafana to third
|
|
Pitching: RHP Josh Mott
|
|
|
Batting: RHB Go Yamamoto
|
0-0: Called Strike 0-1: Ball 1-1: Ball 2-1: Swinging Strike 2-2: Strikes out swinging
|
| Top of the 9th over - 1 run, 2 hits, 0 errors, 2 left on base; Springfield 9 - Harrisburg 6 |
| BOTTOM OF THE 9TH |
|
Harrisburg Senators batting - Pitching for Springfield Cardinals : LHP Luis Herrera
|
|
Pitching: RHP Tony Campos
|
|
|
Batting: LHB Dillon Gonzalez
|
0-0: Ball 1-0: Called Strike 1-1: Foul Ball, location: 2F 1-2: Foul Ball, location: 2F 1-2: Ball 2-2: Fly out, F9 (Flyball, 89D, EV 107.5 MPH)
|
|
Batting: LHB Dana McDonald
|
0-0: Swinging Strike 0-1: Ball 1-1: Foul Ball, location: 2F 1-2: Foul Ball, location: 2F 1-2: SINGLE (Line Drive, 4D, EV 99.4 MPH)
|
|
Batting: LHB Colin Worthington
|
0-0: Ball 1-0: Swinging Strike 1-1: Foul Ball, location: 2F 1-2: Strikes out swinging
|
|
Batting: RHB Ben Welt
|
0-0: Ball 1-0: Foul Ball, location: 2F 1-1: Ball 2-1: Called Strike 2-2: Ball 3-2: DOUBLE (Line Drive, 9LM, EV 111.2 MPH) Dana McDonald to third Dana McDonald scores
|
|
Batting: RHB Dan Hilyer
|
0-0: Ball 1-0: Ball 2-0: Swinging Strike 2-1: Ball 3-1: Base on Balls
|
|
Batting: RHB Marcus Dawson
|
0-0: Called Strike 0-1: Ball 1-1: Foul Ball, location: 2F 1-2: Foul Ball, location: 2F 1-2: Foul Ball, location: 2F 1-2: Ball 2-2: Ball 3-2: Ground out 3-1 (Groundball, 34S, EV 65.6 MPH)
|
| Bottom of the 9th over - 1 run, 2 hits, 0 errors, 2 left on base; Springfield 9 - Harrisburg 7 |
|